 Dungeon Crawl Stone Soup version 0.27.0-1-g7a089689b8 (webtiles) character file.

Game seed: 509408560032792517

29 RedPan the Chiller (level 3, -3/24 HPs)
             Began as a Demonspawn Ice Elementalist on Aug 3, 2021.
             Slain by Sigmund (7 damage)
             ... on level 2 of the Dungeon.
             The game lasted 00:02:14 (1547 turns).

RedPan the Chiller (Demonspawn Ice Elementalist)    Turns: 1547, Time: 00:02:15

Health: -3/24      AC:  2    Str:  8    XL:     3   Next: 1%
Magic:  5/6        EV: 12    Int: 17    God:
Gold:   16         SH:  0    Dex: 13    Spells: 6/7 levels left

rFire    . . .     SeeInvis .   c - +0 falchion
rCold    . . .     Faith    .   (no shield)
rNeg     . . .     Spirit   .   a - +0 robe
rPois    .         Reflect  .   (no helmet)
rElec    .         Harm     .   (no cloak)
rCorr    .         Rampage  .   (no gloves)
Will     .....                  (no boots)
Stlth    ++........             (no amulet)
HPRegen  0.08/turn              (no ring)
MPRegen  0.10/turn              (no ring)

@: no status effects
A: powered by pain 1, spiny 1
a: no special abilities


You were on level 2 of the Dungeon.
You visited 1 branch of the dungeon, and saw 2 of its levels.

You collected 16 gold pieces.

Inventory:

Hand Weapons
 c - a +0 falchion (weapon)
Armour
 a - a +0 robe (worn)
Potions
 e - a potion of curing
 f - a potion of might {unknown}


   Skills:
 - Level 2.0 Dodging
 - Level 2.0 Stealth
 + Level 2.6 Spellcasting
 + Level 4.0 Ice Magic


You had 6 spell levels left.
You knew the following spells:

 Your Spells              Type           Power      Damage    Failure   Level
a - Freeze                Ice            60%        1d8       3%          1

Your spell library contained the following spells:

 Spells                   Type           Power      Damage    Failure   Level
 Frozen Ramparts          Ice            30%        1d5       11%         3
 Ozocubu's Armour         Ice            15%        N/A       11%         3
 Hailstorm                Conj/Ice       9%         3d4       63%         4


Dungeon Overview and Level Annotations

Branches:
Dungeon (2/15)

Altars:

Annotations:
D:2 Sigmund


Innate Abilities, Weirdness & Mutations

You sometimes gain a little power by taking damage.
You are partially covered in sharp spines.


Message History

The giant cockroach closely misses you.
You riposte.
You hit the giant cockroach.
You kill the giant cockroach!
You have reached level 3!
Your experience leads to an increase in your attributes!
Increase (S)trength, (I)ntelligence, or (D)exterity?
You feel clever.
Your demonic ancestry asserts itself...
You feel energised by your suffering. The rat is struck by your spines.
You kill the rat!
No target in view!
No target in view!
Found a stone staircase leading down.
Sigmund the Dreaded comes into view.
He is wielding a +4 scythe of freezing.
Sigmund is nearby!
The helpless Sigmund fails to defend himself.
You hit Sigmund.
Sigmund is lightly wounded.
Sigmund casts a spell.
Sigmund flickers and vanishes!
Deactivating autopickup; reactivate with Ctrl-A.
Casting: Freeze (safe; 3% risk of failure)
Confirm with . or Enter, or press ? or * to list all spells.
You don't know that spell.
Unknown command.
Casting: Freeze (safe; 3% risk of failure)
Confirm with . or Enter, or press ? or * to list all spells.
Aiming: Freeze (safe; 3% risk of failure)
Press: ? - help, Shift-Dir - straight line You freeze something.
Something hits you!
Ouch! That really hurt!
* * * LOW HITPOINT WARNING * * *
You focus on the pain.
You feel your power returning. Something freezes you.
* * * LOW HITPOINT WARNING * * *
Casting: Freeze (safe; 3% risk of failure)
Confirm with . or Enter, or press ? or * to list all spells.
Aiming: Freeze (safe; 3% risk of failure)
Press: ? - help, Shift-Dir - straight line You freeze something.
Something hits you!
You die...

... ........# #.#.#..#
#.......# #.#.#..#
#.......##
#.#.#..###.........
.............(....
#........)........
#...#....#.##.##.#
....#....#.##.##{#
#..<#....#.##.##@###.#
....#....#.##.##.....#
#........#.##.##.###.#.#
...........##.##........
............#...........
.....#.#...##.###.####.#
..................#
#....#.#.#..#.###....
#...##.#.#..#.# ....


There were no monsters in sight!

Vanquished Creatures
  3 ball pythons (D:1)
  4 endoplasms (D:1)
  A giant cockroach (D:2)
  2 goblins (D:1)
  3 hobgoblins (D:1)
  3 jackals (D:1)
  2 kobolds (D:1)
  2 quokkas (D:1)
  2 rats
22 creatures vanquished.

Vanquished Creatures (others)
  2 plants (D:1)
2 creatures vanquished.

Grand Total: 24 creatures vanquished

Notes
Turn   | Place    | Note
-------+----------+-------------------------------------------
     0 | D:1      | RedPan the Demonspawn Ice Elementalist began the quest for
                  | the Orb.
     0 | D:1      | Reached XP level 1. HP: 13/13 MP: 3/3
   340 | D:1      | Gained mutation: You are partially covered in sharp spines.
                  | [demonic ancestry]
   340 | D:1      | Reached XP level 2. HP: 18/19 MP: 1/5
  1316 | D:1      | Reached skill level 4 in Ice Magic
  1527 | D:2      | Gained mutation: You sometimes gain a little power by
                  | taking damage. [demonic ancestry]
  1527 | D:2      | Reached XP level 3. HP: 24/24 MP: 6/6
  1540 | D:2      | Noticed Sigmund
  1547 | D:2      | Slain by Sigmund

Illustrated notes

Levels and vault maps discovered:
D:1:      elethiomel_arrival_shortcut, layout_rooms, serial_forest,
          infiniplex_forest_split, infiniplex_forest_side_room,
          infiniplex_forest_clump_C, infiniplex_forest_zigzag_1,
          infiniplex_forest_straight_5, infiniplex_forest_fountain,
          infiniplex_forest_clump_long, infiniplex_forest_straight_4,
          infiniplex_forest_straight_2
D:2:      layout_basic, minmay_unequal, uniq_sigmund

Skill      XL: |  1  2 |
---------------+-------+-----
Stealth        | 2 |  2.0
Dodging        | 2 |  2.0
Ice Magic      | 4 |  4.0
Spellcasting   | |  2.6

Action                   || total
-------------------------++-------
Melee: Falchion          ||    27
 Cast: Freeze            ||    20
  Use: Potion            ||     1
       Scroll            ||     2
 Stab: Sleeping          ||     1
Armor: Robe              ||     3
Dodge: Dodged            ||    32
       Rpst.: Falchion   ||    13
